 Dungeon Crawl Stone Soup version 0.23-a0-87-g5f73bc1 (webtiles) character file.

181793 seren the Earth Mage (level 17, -7/140 HPs)
             Began as a Demigod Earth Elementalist on Aug 14, 2018.
             Drowned by a drowned soul (11 damage)
             ... summoned by a merfolk avatar
             ... on level 4 of the Shoals on Aug 15, 2018.
             The game lasted 04:29:59 (54385 turns).

seren the Earth Mage (Demigod Earth Elementalist)  Turns: 54385, Time: 04:30:00

Health: -7/140     AC: 19    Str: 11    XL:     17   Next: 11%
Magic:  29/37      EV: 19    Int: 32    God:
Gold:   1646       SH: 11    Dex: 16    Spells: 15/38 levels left

rFire    . . .     SeeInvis +   a - staff of earth
rCold    . . .     Gourm    .   w - +0 buckler
rNeg     . . .     Faith    .   V - +3 leather armour
rPois    .         Spirit   .   O - +2 helmet {Int+3}
rElec    .         Reflect  +   T - +2 cloak
rCorr    +         Harm     .   I - +2 pair of gloves
MR       +....                  l - +2 pair of boots
Stlth    +++.......             P - +6 amulet of reflection
HPRegen  0.33/turn              n - ring of resist corrosion
MPRegen  0.25/turn              L - ring of see invisible

@: mesmerised, hasted, very quick
A: high mp 1
a: no special abilities


You were on level 4 of the Shoals.
You were hungry.

You visited 5 branches of the dungeon, and saw 31 of its levels.
You also visited: Sewer and Ice Cave.

You collected 2644 gold pieces.
You spent 998 gold pieces at shops.

Inventory:

Hand Weapons
 b - a +1 dagger of electrocution
 G - the +1 rapier "Jarghaebe" {holy, rPois rC+ Str+4 Int+2}
   (You found it on level 4 of the Lair of Beasts)

   It has been blessed by the Shining One to cause great damage to the undead
   and demons.
   It affects your strength (+4).
   It affects your intelligence (+2).
   It protects you from cold.
   It protects you from poison.
Missiles
 q - 288 stones
 K - 9 throwing nets (quivered) {!f}
Armour
 l - a +2 pair of boots (worn)
 w - a +0 buckler (worn)
 I - a +2 pair of gloves (worn)
 O - a +2 helmet of intelligence (worn)
 T - a +2 cloak (worn)
 V - a +3 leather armour (worn)
Magical Staves
 a - an uncursed staff of earth (weapon)
 i - an uncursed staff of cold
 Z - an uncursed staff of wizardry
Jewellery
 n - a ring of resist corrosion (left hand)
 o - an uncursed ring of protection from fire
 z - an uncursed amulet of regeneration
 B - an uncursed amulet of magic regeneration
 J - the ring of Tiyz {+Fly Str+3 Int-4 Dex+6}
   (You took it off a centaur warrior on level 15 of the Dungeon)

   [ring of dexterity]

   It affects your strength (+3).
   It affects your intelligence (-4).
   It affects your dexterity (+6).
   It lets you fly.
 L - a ring of see invisible (right hand)
 P - a +6 amulet of reflection (around neck)
 X - an uncursed ring of protection from magic
Wands
 g - a wand of paralysis (33)
 m - a wand of flame (32)
 v - a wand of disintegration (3)
 C - a wand of polymorph (37)
 E - a wand of clouds (7)
 R - a wand of iceblast (14)
Scrolls
 k - a scroll of summoning
 p - 3 scrolls of blinking {!r}
 u - 10 scrolls of remove curse
 y - 5 scrolls of fog
 A - 13 scrolls of identify
 F - a scroll of holy word
 N - a scroll of silence
 U - 4 scrolls of teleportation {!r}
 W - 2 scrolls of magic mapping
Potions
 c - 2 potions of resistance
 e - 3 potions of magic
 f - a potion of invisibility
 h - 2 potions of brilliance
 j - 12 potions of curing
 r - a potion of heal wounds
 s - 2 potions of ambrosia
 t - 4 potions of agility
 x - 4 potions of haste
 H - a potion of cancellation
Miscellaneous
 M - a lamp of fire
 Q - 2 boxes of beasts
 Y - a sack of spiders
Comestibles
 d - 41 rations
 S - a chunk of flesh


   Skills:
 - Level 10.0 Fighting
 - Level 12.0 Staves
 + Level 4.1 Armour
 - Level 10.0 Dodging
 - Level 6.0 Stealth
 - Level 4.0 Shields
 - Level 11.0 Spellcasting
 - Level 4.0 Conjurations
 - Level 7.0 Transmutations
 + Level 15.2 Earth Magic
 + Level 8.5 Evocations


You had 15 spell levels left.
You knew the following spells:

 Your Spells              Type           Power        Failure   Level  Hunger
a - Sandblast             Erth           ######       0%          1    None
b - Passwall              Tmut/Erth      #######.     1%          2    None
c - Stone Arrow           Conj/Erth      ######       1%          3    None
d - Blink                 Tloc           N/A          5%          2    None
l - Lee's Rapid Deconstr  Erth           ########..   1%          5    ##.....
p - Petrify               Tmut/Erth      #######.     1%          4    None
s - Statue Form           Tmut/Erth      #######..    5%          6    ####...

Your spell library contained the following spells:

 Spells                   Type           Power        Failure   Level  Hunger
 Magic Dart               Conj           ####         1%          1    None
 Fireball                 Conj/Fire      ####......   38%         5    ##.....
 Apportation              Tloc           ###...       3%          1    None
 Conjure Flame            Conj/Fire      ####....     4%          3    None
 Bolt of Fire             Conj/Fire      ####......   93%         6    ####...
 Slow                     Hex            ###.....     5%          2    None
 Throw Flame              Conj/Fire      ####..       2%          2    None
 Mephitic Cloud           Conj/Pois/Air  ####....     6%          3    None
 Ring of Flames           Chrm/Fire      ###.......   100%        7    ######.
 Summon Small Mammal      Summ           ###.         3%          1    None
 Iskenderun's Mystic Bla  Conj           #####...     7%          4    None
 Animate Dead             Necr           N/A          34%         4    None
 Animate Skeleton         Necr           N/A          3%          1    None
 Sticky Flame             Conj/Fire      ####....     16%         4    None
 Call Imp                 Summ           ###.....     5%          2    None
 Corpse Rot               Necr           N/A          5%          2    None
 Spider Form              Tmut/Pois      #####.....   2%          3    None
 Confusing Touch          Hex            ###...       3%          1    None
 Flame Tongue             Conj/Fire      ####.        1%          1    None
 Ignite Poison            Fire/Tmut/Pois ####....     4%          3    None
 Shatter                  Erth           ########..   100%        9    #######
 Static Discharge         Conj/Air       ####....     4%          3    None
 Excruciating Wounds      Chrm/Necr      ###.......   67%         5    ##.....
 Leda's Liquefaction      Hex/Erth       #######...   1%          4    None
 Inner Flame              Hex/Fire       ###.....     11%         3    None
 Fulminant Prism          Conj/Hex       ####......   16%         4    None
 Dazzling Spray           Conj/Hex       ####..       4%          3    None
 Force Lance              Conj/Tloc      ####....     16%         4    None
 Searing Ray              Conj           #####.       1%          2    None
 Irradiate                Conj/Tmut      ######....   10%         5    ##.....
 Ignition                 Fire           ###.......   100%        8    #######


Dungeon Overview and Level Annotations

Branches:
Dungeon (15/15)            Temple (0/1) D:6            Lair (6/6) D:10
 Shoals (4/4) Lair:4       Spider (4/4) Lair:4        Slime (0/5) Lair:6
    Orc (2/2) D:9             Elf (0/3) Orc:2        Vaults (0/5) D:14
 Depths (0/5) D:15

Shops:
D:5 [   D:6 ?   D:11 }   Orc:2 =?%?   Shoals:4 [

Annotations:
D:7 double head ogre
D:13 exclusion: downstairs
D:14 2 transporters, Anuvenef's ghost, journeyman DDFi
D:15 1 runed door
Lair:1 exclusions: elephant and 2 oklob plants
Shoals:2 exclusion: downstairs
Shoals:3 2 transporters, exclusion: downstairs
Orc:1 exclusion: downstairs
Orc:2 2 transporters, Conn321's ghost, journeyman OpFE


Innate Abilities, Weirdness & Mutations

You have an increased reservoir of magic. (+10% MP)


Message History

The merfolk avatar chants its luring song.
You feel yourself speed up.
You feel very sick.
The shadowy forms in the deep grow still as others approach.
You block the drowned soul's attack. The drowned soul touches you.
The drowned soul drowns you!
* * * LOW HITPOINT WARNING * * *
The sea snake bites you but does no damage.
The merfolk avatar chants its luring song.
The drowned soul touches you. The drowned soul drowns you!
* * * LOW HITPOINT WARNING * * *
You feel better. The drowned soul touches you. The drowned soul drowns you!
* * * LOW HITPOINT WARNING * * *
The sea snake misses you.
As you read the scroll of fear, it crumbles to dust.
You assume a fearsome visage.
The drowned soul is unaffected.
The sea snake looks frightened!
The water elemental is unaffected.
The merfolk avatar resists with almost no effort.
The drowned soul touches you. The drowned soul drowns you!
You die...

≈≈≈≈≈≈............≈≈≈......≈≈....
≈≈≈≈≈≈..........≈≈≈≈≈≈≈≈..≈≈≈≈≈≈≈
≈≈≈≈≈≈≈≈........≈≈≈≈≈≈≈≈≈≈≈≈≈≈≈≈≈
≈≈≈≈≈≈≈≈≈.......≈≈≈≈≈≈≈≈≈≈≈≈≈≈≈≈≈
≈≈≈≈≈≈≈≈≈.####....≈≈≈≈≈≈≈≈≈≈≈..≈≈
≈≈≈≈≈.≈........E≈≈≈≈≈≈≈≈≈..≈...≈
≈≈≈≈≈≈..........m≈≈≈≈≈≈≈≈≈.....≈
≈≈≈≈≈≈≈.......S...≈≈≈≈≈≈≈≈≈≈
≈≈≈≈≈≈≈........@..≈≈≈≈≈..≈≈≈
≈≈≈≈≈≈≈...........≈≈≈≈≈...≈≈
#####≈≈≈..........<≈≈≈≈S≈≈..
##≈≈..)........≈≈≈≈≈≈≈?.
##≈......######<≈≈≈≈≈..
#≈≈....#≈≈)≈≈##..≈≈≈t≈
#≈≈≈≈≈#≈#)≈≈≈≈##≈≈≈≈≈≈
#≈≈≈≈#≈#≈≈≈#≈≈≈#≈≈≈≈≈≈
#≈≈≈≈#≈≈≈≈#≈≈≈≈# m≈≈≈≈


You could see a merfolk avatar, a sea snake (fleeing) and a water elemental.

Vanquished Creatures
  Saint Roka (Orc:1)
  Arachne (Spider:2)
  An emperor scorpion (Spider:2)
  3 entropy weavers
  Nessos (D:14)
  A spark wasp (Spider:3)
  Snorg (D:13)
  An ettin (D:15)
  A merfolk javelineer (Shoals:2)
  A fire dragon (D:15)
  3 merfolk impalers
  3 ogre magi
  Josephine (D:10)
  Harold (D:11)
  Erolcha (D:9)
  6 hydras
  5 merfolk avatars
  Erica (D:8)
  3 satyrs
  4 centaur warriors
  12 two-headed ogres
  2 tengu warriors (D:15)
  2 orc high priests (Orc:1)
  Urug (Lair:4)
  8 skeletal warriors
  4 unseen horrors
  A shambling mangrove (Lair:1)
  10 sea snakes
  3 deep trolls
  3 necromancers
  22 harpies
  2 deep elf magi
  9 wolf spider zombies (Spider:2)
  A deep elf archer (D:15)
  8 orb spiders
  Pikel (D:9)
  4 orc knights
  9 wolf spiders
  3 orc sorcerers
  2 ugly things
  10 manticores
  3 fauns
  6 cyclopes
  2 moths of wrath
  7 merfolk sirens
  4 water nymphs
  Joseph (D:9)
  4 ice statues (IceCv)
  2 black mambas (Lair:2)
  4 spiny frogs
  A gargoyle (D:14)
  8 elephants
  A spiny frog (shapeshifter) (D:15)
  9 komodo dragons
  An efreet (D:14)
  3 freezing wraiths (D:15)
  3 rime drakes
  2 yaktaurs (D:15)
  4 demonic crawlers
  2 tengu conjurers (D:13)
  11 redback zombies (Spider:2)
  7 ice devils (IceCv)
  13 trolls
  4 polar bears
  12 jumping spiders
  15 merfolk
  7 hornets
  8 slime creatures
  5 wind drakes
  10 dream sheep
  12 blink frogs
  9 tarantella zombies (Spider:2)
  8 snapping turtles
  A hippogriff (shapeshifter) (D:14)
  8 hippogriffs
  A shadow (D:14)
  12 tarantellas
  15 redbacks
  6 wraiths
  3 vampires
  17 humans
  3 water elementals
  45 yaks
  Sigmund (D:2)
  6 wyverns
  A hog (D:12)
  Grum (D:8)
  6 hungry ghosts
  8 vampire mosquitoes
  3 wargs
  An acid dragon (D:15)
  2 water moccasins
  A soldier ant (D:12)
  6 porcupines
  26 orc warriors
  2 slaves (D:9)
  A necrophage (D:15)
  3 sky beasts
  2 elephant zombies (Lair:3)
  4 phantoms
  9 ice beasts
  2 black bears (Lair:4)
  30 ogres
  2 wolves (D:8)
  3 boggarts (D:14)
  6 centaurs
  4 big kobolds
  A komodo dragon zombie (Lair:4)
  6 crocodiles
  18 bullfrogs
  3 gnoll sergeants
  A wyvern zombie (D:9)
  A wyvern skeleton (D:12)
  2 scorpions
  6 killer bees (D:12)
  8 electric eels
  5 howler monkeys
  3 centaur zombies
  5 crimson imps
  A draconian simulacrum (IceCv)
  5 hounds
  2 quasits
  A basilisk zombie (Lair:3)
  3 bullfrog zombies
  11 jellies
  27 orc wizards
  5 centaur skeletons
  23 orc priests
  2 bullfrog skeletons
  3 iguanas
  13 worker ants
  A troll simulacrum (IceCv)
  A crocodile zombie (Lair:3)
  5 centaur simulacra (IceCv)
  A hound zombie (D:6)
  3 hound skeletons
  2 worker ant zombies (D:11)
  3 howler monkey skeletons
  14 gnolls
  3 naga simulacra (IceCv)
  22 adders
  6 shadow imps
  16 oozes
  An adder zombie (D:3)
  7 worms
  2 adder skeletons
  2 dart slugs (D:3)
  3 leopard geckos
  119 orcs
  3 ball pythons
  6 bats
  2 giant cockroaches
  10 goblins
  4 hobgoblins
  3 jackals
  2 quokkas (D:3)
  6 frilled lizards
  29 kobolds
  A leopard gecko skeleton (D:8)
  14 rats
  A fungus (Lair:5)
  8 plants
1041 creatures vanquished.

Vanquished Creatures (others)
  A merfolk aquamancer (Shoals:4)
  A faun (Shoals:3)
  A cyclops (Orc:2)
  An orc (Orc:2)
  23 fungi
  44 plants
71 creatures vanquished.

Grand Total: 1112 creatures vanquished

Notes
Turn   | Place    | Note
-------+----------+-------------------------------------------
     0 | D:1      | seren the Demigod Earth Elementalist began the quest for the Orb.
     0 | D:1      | Reached XP level 1. HP: 14/14 MP: 5/5
   353 | D:1      | Reached XP level 2. HP: 20/20 MP: 1/7
   678 | D:2      | Reached skill level 3 in Earth Magic
   694 | D:2      | Learned a level 2 spell: Passwall
   963 | D:2      | Noticed Sigmund
   987 | D:2      | Killed Sigmund
   987 | D:2      | Reached XP level 3. HP: 2/26 MP: 0/10
   987 | D:2      | Reached XP level 4. HP: 3/33 MP: 0/11
   987 | D:2      | Reached XP level 5. HP: 4/38 MP: 0/12
  1258 | D:2      | Learned a level 3 spell: Stone Arrow
  1679 | D:2      | Reached skill level 4 in Earth Magic
  1805 | D:3      | Found a glowing drain.
  1854 | Sewer    | Entered a sewer
  2211 | Sewer    | Reached XP level 6. HP: 46/46 MP: 12/14
  2218 | Sewer    | Learned a level 5 spell: Lee's Rapid Deconstruction
  2358 | Sewer    | Reached skill level 1 in Fighting
  2692 | D:3      | Found a hide-covered altar of Uskayaw.
  2847 | D:3      | Found a stormy altar of Qazlal.
  2848 | D:3      | Noticed an air elemental
  2850 | D:3      | Noticed a fire elemental
  2850 | D:3      | Noticed a water elemental
  2880 | D:3      | Found a shadowy altar of Dithmenos.
  3351 | D:3      | You fall through a shaft for 3 floors!
  3487 | D:5      | Entered Level 5 of the Dungeon
  3501 | D:6      | Reached skill level 1 in Shields
  3695 | D:4      | Found a hazy altar of Hepliaklqana.
  3723 | D:4      | Found a sparkling altar of Nemelex Xobeh.
  3892 | D:3      | Found a deep blue altar of Sif Muna.
  4171 | D:4      | Found a shadowy altar of Dithmenos.
  4191 | D:4      | Noticed a moth of wrath
  4194 | D:4      | Found a bloodstained altar of Trog.
  4219 | D:4      | Reached skill level 5 in Earth Magic
  4416 | D:4      | Reached XP level 7. HP: 49/53 MP: 15/15
  4942 | D:5      | Found a blossoming altar of Fedhas.
  5161 | D:5      | Found Teuschoe's Armour Shop.
  5165 | D:5      | Bought a +2 hat for 224 gold pieces
  5599 | D:5      | Reached skill level 6 in Earth Magic
  6116 | D:6      | Reached XP level 8. HP: 47/61 MP: 9/16
  6376 | D:6      | Found a staircase to the Ecumenical Temple.
  6689 | D:6      | Found a white marble altar of Elyvilon.
  6774 | D:6      | Reached skill level 1 in Conjurations
  6866 | D:6      | Found a basalt altar of Yredelemnul.
  6938 | D:6      | Found a radiant altar of Vehumet.
  6939 | D:6      | Found a burning altar of Makhleb.
  7089 | D:6      | Found Uheemy's Magic Scroll Emporium.
  7098 | D:6      | Bought a scroll of identify for 24 gold pieces
  7098 | D:6      | Bought a scroll of fog for 24 gold pieces
  7131 | D:5      | Bought a +0 pair of gloves for 63 gold pieces
  7173 | D:6      | Bought a scroll of identify for 24 gold pieces
  7487 | D:7      | Found a glowing golden altar of the Shining One.
  7597 | D:6      | Learned a level 4 spell: Petrify
  7660 | D:7      | Found the +8 orange crystal plate armour {Archmagi, Int+3 Clar}
  7663 | D:7      | Reached skill level 7 in Earth Magic
  7720 | D:7      | Noticed a hippogriff
  7787 | D:7      | Killed a hippogriff
  8137 | D:7      | Reached skill level 8 in Earth Magic
  8332 | D:8      | Noticed Grum
  8336 | D:8      | Killed Grum
  8437 | D:8      | Reached XP level 9. HP: 69/69 MP: 5/18
  8608 | D:8      | Reached skill level 9 in Earth Magic
  8721 | D:8      | Noticed a two-headed ogre
  8901 | D:8      | Reached skill level 1 in Transmutations
  8947 | D:8      | Noticed Erica
  8959 | D:8      | Killed Erica
  8959 | D:8      | Reached skill level 1 in Evocations
 10216 | D:9      | Noticed Erolcha
 10536 | D:10     | Entered Level 10 of the Dungeon
 11245 | D:10     | Reached XP level 10. HP: 80/80 MP: 15/19
 11445 | D:10     | Found a roughly hewn altar of Beogh.
 11657 | D:10     | Noticed Josephine
 12193 | D:10     | Reached skill level 5 in Fighting
 12550 | D:10     | Found a staircase to the Lair.
 12564 | Lair:1   | Entered Level 1 of the Lair of Beasts
 12595 | Lair:1   | Reached skill level 5 in Dodging
 12766 | Lair:1   | Noticed an elephant
 12797 | Lair:1   | You fall through a shaft!
 12818 | Lair:2   | Reached skill level 10 in Earth Magic
 12819 | Lair:2   | Found a labyrinth entrance.
 12826 | Lair:2   | Reached skill level 5 in Spellcasting
 12853 | Lair:1   | Noticed an eight-headed hydra
 13045 | Lair:2   | Noticed a black mamba
 13059 | Lair:2   | Killed a black mamba
 13059 | Lair:2   | Reached skill level 1 in Staves
 13299 | Lair:2   | Reached skill level 5 in Evocations
 13788 | Lair:2   | Noticed a black mamba
 13993 | Lair:2   | Reached XP level 11. HP: 86/86 MP: 22/22
 14881 | Lair:3   | Noticed a seven-headed hydra
 14904 | Lair:3   | Killed a seven-headed hydra
 15228 | Lair:3   | Noticed a necromancer
 15235 | Lair:3   | Killed a necromancer
 15814 | D:10     | Reached skill level 11 in Earth Magic
 15930 | D:6      | Bought a scroll of identify for 24 gold pieces
 15930 | D:6      | Bought a scroll of identify for 24 gold pieces
 15930 | D:6      | Bought a scroll of teleportation for 36 gold pieces
 15930 | D:6      | Bought a scroll of immolation for 42 gold pieces
 15930 | D:6      | Bought a scroll of amnesia for 42 gold pieces
 16404 | D:9      | Noticed Pikel
 16915 | D:10     | Killed Josephine
 17005 | D:11     | Noticed a two-headed ogre
 17005 | D:11     | Noticed a two-headed ogre
 17181 | D:10     | HP: 4/86 [yak (17)]
 17684 | D:11     | Killed a two-headed ogre
 17912 | D:11     | Noticed a five-headed hydra
 18137 | Lair:1   | Reached skill level 5 in Staves
 18167 | Lair:1   | Killed an eight-headed hydra
 18978 | D:10     | Reached XP level 12. HP: 89/94 MP: 0/25
 19177 | Lair:1   | Reached skill level 12 in Earth Magic
 20260 | Lair:4   | Found a stormy altar of Qazlal.
 20298 | Lair:4   | Learned a level 2 spell: Blink
 20335 | Lair:4   | Found a staircase to the Shoals.
 20720 | Lair:4   | Reached skill level 5 in Stealth
 20720 | Lair:4   | Reached XP level 13. HP: 100/100 MP: 29/29
 20786 | Lair:4   | Found a hole to the Spider Nest.
 20786 | Lair:4   | Noticed Urug
 20807 | Lair:4   | Killed Urug
 21188 | Lair:4   | Got a translucent rapier
 21189 | Lair:4   | Identified the +1 rapier "Jarghaebe" {holy, rPois rC+ Str+4 Int+2} (You found it on level 4 of the Lair of Beasts)
 21426 | Lair:5   | Reached skill level 1 in Armour
 22430 | Lair:6   | Entered Level 6 of the Lair of Beasts
 22456 | Lair:6   | Found a staircase to the Slime Pits.
 24669 | Lair:6   | Identified a scroll of acquirement
 24672 | Lair:6   | Identified the Incunabulum of Earthen Dark Magic (You acquired it on level 6 of the Lair of Beasts)
 25602 | D:11     | Found Ebepagh's Gadget Shop.
 25859 | D:11     | Noticed Harold
 26144 | D:11     | Killed Harold
 26813 | D:11     | Reached XP level 14. HP: 111/111 MP: 28/31
 28470 | D:9      | Killed Erolcha
 28561 | D:9      | Noticed Joseph
 28573 | D:9      | Killed Joseph
 28579 | D:9      | Found a staircase to the Orcish Mines.
 28596 | D:9      | Found a roughly hewn altar of Beogh.
 28666 | D:9      | You fall through a shaft!
 28781 | D:9      | Killed Pikel
 28867 | D:9      | Identified the Compendium of Flying Transmigration
 29157 | Orc:1    | Entered Level 1 of the Orcish Mines
 29629 | Orc:1    | Found a frozen archway.
 29674 | IceCv    | Entered an ice cave
 29914 | IceCv    | Learned a level 6 spell: Statue Form
 31959 | Orc:2    | Entered Level 2 of the Orcish Mines
 31964 | Orc:2    | Found Bexas's Food Boutique.
 32329 | Orc:2    | Noticed Saint Roka
 33022 | Orc:1    | Killed Saint Roka
 33022 | Orc:1    | Reached skill level 5 in Transmutations
 33355 | Orc:2    | Paralysed by an ogre mage for 5 turns
 34731 | Orc:2    | Found Pikatz's Jewellery Emporium.
 34737 | Orc:2    | Found Xeexzol's Magic Scroll Shoppe.
 34746 | Orc:2    | Found Veckepi's Magic Scroll Emporium.
 34753 | Orc:2    | Bought a scroll of teleportation for 36 gold pieces
 34753 | Orc:2    | Bought a scroll of fog for 24 gold pieces
 34753 | Orc:2    | Bought a scroll of teleportation for 36 gold pieces
 34826 | Orc:2    | Found a staircase to the Elven Halls.
 34930 | Orc:2    | Noticed Conn321's ghost (journeyman OpFE)
 34946 | Orc:2    | Found a transporter.
 34949 | Orc:2    | Found a transporter.
 35247 | Orc:2    | Found a roughly hewn altar of Beogh.
 35632 | Orc:2    | Bought an uncursed ring of see invisible for 255 gold pieces
 35640 | Orc:2    | Bought a scroll of blinking for 120 gold pieces
 35782 | D:13     | Noticed Snorg
 35788 | D:13     | Killed Snorg
 35788 | D:13     | Reached XP level 15. HP: 123/123 MP: 19/33
 35859 | D:13     | Found an opulent altar of Gozag.
 36507 | D:14     | Found a gate to the Vaults.
 36507 | D:14     | Noticed Nessos
 36627 | D:15     | Entered Level 15 of the Dungeon
 38772 | D:14     | Killed Nessos
 38935 | D:15     | Reached skill level 10 in Spellcasting
 39035 | D:14     | Found a transporter.
 39133 | D:14     | Noticed Anuvenef's ghost (journeyman DDFi)
 39135 | D:14     | Found a transporter.
 39366 | D:14     | Reached skill level 13 in Earth Magic
 39859 | D:15     | Found a staircase to the Depths.
 40576 | D:15     | Got a translucent scimitar {antimagic}
 40577 | D:15     | Identified the +5 scimitar of Immorality {antimagic, rF- rN++ MR+ Str-5 SInv} (You took it off a yaktaur on level 15 of the Dungeon)
 40834 | D:15     | Got a translucent pewter ring
 40836 | D:15     | Identified the ring of Tiyz {+Fly Str+3 Int-4 Dex+6} (You took it off a centaur warrior on level 15 of the Dungeon)
 41255 | D:15     | Found a runed door.
 41275 | D:15     | Got a heavily jewelled robe
 41276 | D:15     | Identified the +2 robe of the Iron Devil {MR+++ Dex-3 Slay-6 Stlth+} (You found it on level 15 of the Dungeon)
 41506 | D:15     | Identified the +2 ring mail of the Tortoise {rElec} (You took it off a tengu warrior on level 15 of the Dungeon)
 41762 | Lair:1   | Reached skill level 10 in Staves
 42059 | Shoals:1 | Entered Level 1 of the Shoals
 43384 | Shoals:1 | Reached XP level 16. HP: 134/134 MP: 15/35
 43389 | Shoals:1 | Reached skill level 10 in Fighting
 43533 | Shoals:1 | Reached skill level 10 in Dodging
 44571 | Shoals:2 | Reached skill level 14 in Earth Magic
 47364 | Shoals:3 | Found a transporter.
 47715 | Shoals:3 | Found a transporter.
 48092 | Spider:1 | Entered Level 1 of the Spider Nest
 51067 | Spider:2 | Reached skill level 15 in Earth Magic
 51106 | Spider:2 | Noticed Arachne
 51248 | Spider:2 | Killed Arachne
 52670 | Spider:3 | Reached XP level 17. HP: 140/140 MP: 31/37
 52699 | Spider:4 | Entered Level 4 of the Spider Nest
 54027 | Shoals:4 | Entered Level 4 of the Shoals
 54060 | Shoals:4 | Found Bier's Armour Shoppe.
 54384 | Shoals:4 | HP: 4/140 [drowned by a drowned soul[a merfolk avatar] (14)]
 54385 | Shoals:4 | Drowned by a drowned soul

Vault maps used:
D:1:      mrwooster_arrival_statue
D:2:      minmay_wonky_spiral, minmay_quantized, uniq_sigmund
D:3:      nicolae_qazlal_style_of_elements, eat_drink_and_be_merry_uskayaw,
          led_sif_book, lemuel_round_altar, cheibrodos_sewer_entry_drain
D:4:      old_standard_altar, tgw_trog, nicolae_overflow_crystal_walls,
          grunt_dithmenos_smoke
D:5:      wad_crossroads, old_standard_altar, first_ration, serial_shops, shop
D:6:      kennysheep_ying_yang, grunt_temple_overflow_lords_of_destruction,
          serial_shops, nicolae_shop_crystal
D:7:      lemuel_crystal_altar
D:8:      uniq_erica, uniq_grum
D:9:      minmay_orc_entry_temple_small, uniq_joseph, uniq_erolcha, uniq_pikel
D:10:     dpeg_oklobed_lair, special_room, uniq_josephine
D:11:     serial_shops, shop, uniq_harold
D:12:     grunt_livestock
D:13:     nicolae_gozag_seed_capital, uniq_snorg
D:14:     david_vaults_3, gammafunk_ghost_smash, hangedman_decor_riveting,
          grunt_ministairs_5
D:15:     hangedman_depths_entry_civil_slaughter, minivault_4,
          hangedman_abyss_or_decor_jellyfish_corner,
          minmay_the_grid_square_5x5_3x3_mashed
Lair:1:   minmay_lair_oklob_chamber
Lair:2:   lab_entry_generic
Lair:3:   pond_and_an_island_with_a_cottage
Lair:4:   elwin_shoals_entry_rooms, spider_nest_entry_a, basic_altar,
          nicolae_quartered_pool_super, gammafunk_lair_bear_cave, uniq_urug
Lair:5:   lemuel_slime, lemuel_fruit_tree
Lair:6:   gammafunk_lair_ancient_temple, slime_dummy, serial_bayou_shore_a
Shoals:1: cheibrodos_shoals_roost
Shoals:3: gammafunk_its_a_trap
Shoals:4: shoals_end_hangedman, serial_shops, shop, shop,
          hangedman_shoals_cup_caves
Spider:2: lemuel_spider_zombies, uniq_arachne
Spider:4: grunt_spider_rune_circles, spider_trap, nicolae_spider_cling_ruins
Orc:1:    portal_ice_cave_entry_ice_beasts
Orc:2:    st_orc_open, gammafunk_ghost_arena, basic_altar, uniq_saint_roka
Sewer:    kennysheep_pipe_town
IceCv:    ice_cave_tombish

Skill      XL: |  1  2  3  4  5  6  7  8  9 10 11 12 13 14 15 16 17 |
---------------+----------------------------------------------------+-----
Stealth        | 2 3 4 5 6 |  6.0
Spellcasting   | 2 3 4 5 6 7 8 9 10 11 | 11.0
Dodging        | 2 3 4 5 6 7 8 9 10 | 10.0
Earth Magic    | 3 4 5 6 8 9 10 11 12 13 15 | 15.2
Fighting       | 1 2 3 4 5 6 8 9 10 | 10.0
Shields        | 1 4 |  4.0
Conjurations   | 1 2 3 4 |  4.0
Transmutations | 2 3 4 6 7 |  7.0
Evocations     | 3 5 6 7 8 |  8.5
Staves         | 2 5 7 9 10 12 | 12.0
Armour         | 3 4 |  4.1

Action                   |  1- 3 |  4- 6 |  7- 9 | 10-12 | 13-15 | 16-18 || total
-------------------------+-------+-------+-------+-------+-------+-------++-------
Melee: Dagger            |     4 |   133 |    99 |   189 |   657 |    37 ||  1119
       Staff             |       |       |       |     1 |   289 |   830 ||  1120
 Cast: Sandblast         |    36 |    89 |   152 |   139 |   133 |     9 ||   558
       Stone Arrow       |       |     7 |    53 |    59 |   237 |   105 ||   461
       Lee's Rapid Decon |       |       |     5 |    45 |   254 |    66 ||   370
       Petrify           |       |       |    12 |    31 |   186 |    69 ||   298
       Passwall          |       |       |       |     2 |     2 |     1 ||     5
       Blink             |       |       |       |       |     6 |       ||     6
       Statue Form       |       |       |       |       |       |     7 ||     7
Evoke: Wand              |       |       |       |    20 |    14 |    18 ||    52
       Phantom mirror    |       |       |       |       |     1 |       ||     1
  Use: Potion            |     2 |       |       |     3 |     1 |     5 ||    11
       Scroll            |       |     2 |    13 |    19 |    14 |     7 ||    55
 Stab: Sleeping          |     1 |     8 |     4 |     2 |     8 |     1 ||    24
       Distracted        |       |     1 |       |       |     1 |     1 ||     3
       Petrified         |       |       |    16 |    62 |   384 |   195 ||   657
       Paralysed         |       |       |       |     6 |       |       ||     6
       Petrifying        |       |       |       |       |     1 |     5 ||     6
       Held in net/web   |       |       |       |       |       |     6 ||     6
  Eat: Chunk             |       |    11 |    25 |    33 |    81 |    31 ||   181
       Ration            |       |       |     1 |     4 |     7 |     3 ||    15
Armor: Robe              |       |    41 |    37 |    30 |       |       ||   108
       Leather armour    |       |       |       |    25 |   289 |   169 ||   483
       Skin              |       |       |       |       |       |   127 ||   127
Dodge: Dodged            |    14 |   135 |    86 |   118 |   533 |   634 ||  1520
Block: Buckler           |       |       |    34 |   110 |   435 |   398 ||   977
       Reflection        |       |       |       |     1 |    27 |    24 ||    52

Table legend:
 A = Non-vault XP
 B = Vault XP
 C = Vault XP percentage of total XP
 D = Non-vault monster count
 E = Vault monster count
 F = Vault count percentage of total count
 G = Total turns spent on level
                 A         B        C        D         E       F
            +---------+---------+-------+---------+---------+-------
      Total |  146538 |   98287 |  40.1 |     707 |     326 |  31.6
            +---------+---------+-------+---------+---------+-------
        D:1 |      20 |       0 |   0.0 |      12 |       0 |   0.0
        D:2 |      87 |     207 |  70.4 |      16 |       8 |  33.3
        D:3 |     111 |      91 |  45.0 |      24 |       5 |  17.2
        D:4 |      55 |      13 |  19.1 |       4 |       5 |  55.6
        D:5 |     550 |     202 |  26.9 |      21 |       3 |  12.5
        D:6 |     598 |      46 |   7.1 |      18 |       1 |   5.3
        D:7 |     665 |       0 |   0.0 |      19 |       0 |   0.0
        D:8 |    1246 |    1369 |  52.4 |      26 |       4 |  13.3
        D:9 |    5630 |    2861 |  33.7 |      59 |      21 |  26.2
       D:10 |    3189 |    1946 |  37.9 |      48 |      28 |  36.8
       D:11 |    7649 |    1023 |  11.8 |      40 |       1 |   2.4
       D:12 |    5199 |    1025 |  16.5 |      36 |       5 |  12.2
       D:13 |    4508 |    1343 |  23.0 |      31 |       2 |   6.1
       D:14 |   13731 |    7376 |  34.9 |      44 |      23 |  34.3
       D:15 |    3400 |   15564 |  82.1 |      15 |      28 |  65.1
     Lair:1 |    8002 |    1385 |  14.8 |      27 |       4 |  12.9
     Lair:2 |    4984 |       0 |   0.0 |      21 |       0 |   0.0
     Lair:3 |    2019 |     987 |  32.8 |       9 |       5 |  35.7
     Lair:4 |    9200 |    2856 |  23.7 |      27 |      10 |  27.0
     Lair:5 |     982 |    1505 |  60.5 |       5 |      22 |  81.5
     Lair:6 |    1625 |   10282 |  86.4 |       6 |      24 |  80.0
   Shoals:1 |   13740 |    3783 |  21.6 |      27 |       6 |  18.2
   Shoals:2 |   18168 |       0 |   0.0 |      39 |       0 |   0.0
   Shoals:3 |   13026 |       0 |   0.0 |      27 |       0 |   0.0
   Shoals:4 |    1299 |    2898 |  69.0 |       4 |       4 |  50.0
   Spider:1 |    9086 |       0 |   0.0 |      22 |       0 |   0.0
   Spider:2 |    4484 |   15659 |  77.7 |      11 |      31 |  73.8
   Spider:3 |    7362 |       0 |   0.0 |      16 |       0 |   0.0
   Spider:4 |     566 |       0 |   0.0 |       1 |       0 |   0.0
      Orc:1 |    4199 |   10021 |  70.5 |      34 |      19 |  35.8
      Orc:2 |    1158 |   10740 |  90.3 |      18 |      30 |  62.5
      Sewer |       0 |     143 | 100.0 |       0 |      15 | 100.0
      IceCv |       0 |    4962 | 100.0 |       0 |      22 | 100.0
            +---------+---------+-------+---------+---------+-------
